 Dungeon Crawl Stone Soup version 0.28.0-47-ge53b351184 (webtiles) character file.

Game seed: 13617510775189185054

2645 CryoSword the Skirmisher (level 9, -12/68 HPs)
             Began as a Djinni Fire Elementalist on May 5, 2022.
             Was an Initiate of Makhleb.
             Mangled by Maggie
             ... wielding a +0 vorpal halberd
              (17 damage)
             ... on level 7 of the Dungeon.
             The game lasted 00:13:25 (11887 turns).

CryoSword the Skirmisher (DjFE)                    Turns: 11887, Time: 00:13:26

Health: -12/68     AC:  3    Str: 15    XL:     9   Next: 93%
Gold:   140        EV: 12    Int: 19    God:    Makhleb [......] SH:  0 Dex: 14

rFire   + + .      SeeInvis .   k - +6 whip "Haprapp" {freeze, Fragile rN+ Str+6}
rCold   x . .      Faith    .   (no shield)
rNeg    + . .      Spirit   .   a - +0 robe
rPois   ∞          Reflect  .   (no helmet)
rElec   .          Harm     .   (no cloak)
rCorr   .          Rampage  .   j - +0 pair of gloves
Will    .....                   (boots unavailable)
Stlth   ++........              (no amulet)
HPRegen 0.21/turn               (no ring)
MPRegen 0.00/turn               (no ring)

@: liquefying, flying, slowed movement, very slow
A: sickness immunity, fire resistance 2, cold vulnerability 1, float, innate
caster, HP casting, extra vitality 1
a: Renounce Religion


You were on level 7 of the Dungeon.
You worshipped Makhleb.
Makhleb was noncommittal.
You visited 2 branches of the dungeon, and saw 8 of its levels.

You collected 280 gold pieces.
You spent 140 gold pieces at shops.

Inventory:

Hand Weapons
 k - the +6 whip "Haprapp" (weapon) {freeze, Fragile rN+ Str+6}
   (You found it on level 4 of the Dungeon)

   It freezes those it strikes, dealing additional cold damage.
   It can also slow down cold-blooded creatures.
   Str:       It affects your strength (+6).
   rN:        It protects you from negative energy.
   Fragile:   It will be destroyed if unequipped.
Missiles
 h - 9 poisoned darts
Armour
 a - a +0 robe (worn)
 j - a +0 pair of gloves (worn)
   (You found it on level 4 of the Dungeon)
Jewellery
 s - a +4 ring of protection
   (You found it on level 7 of the Dungeon)
 t - a ring of resist corrosion
   (You found it on level 7 of the Dungeon)
Wands
 g - a wand of iceblast (15)
   (You found it on level 2 of the Dungeon)
 m - a wand of digging (14)
   (You found it on level 5 of the Dungeon)
 q - a wand of charming (1)
   (You found it on level 5 of the Dungeon)
Scrolls
 b - a scroll of magic mapping
 c - a scroll of holy word
 e - a scroll of silence
 f - 2 scrolls of identify {@r1}
 n - 2 scrolls of teleportation {unknown}
 r - a scroll of immolation {unknown}
Potions
 d - 7 potions of curing {@q1}
 l - a potion of lignification {unknown}
 o - a potion of attraction {unknown}
 p - a potion of cancellation {unknown}


   Skills:
 + Level 7.2 Fighting
 - Level 3.1 Short Blades
 * Level 5.3 Maces & Flails
 - Level 2.1 Dodging
 - Level 1.5 Stealth
 + Level 6.1 Spellcasting


You couldn't memorise any spells.
You knew the following spells:

 Your Spells              Type           Power      Damage    Failure   Level
a - Foxfire               Conj/Fire      100%       2x1d9     1%          1
b - Scorch                Fire           58%        2d8       1%          2
c - Vampiric Draining     Necr           29%        2d8       2%          3
d - Flame Wave            Conj/Fire      29%        2d8       9%          4
e - Leda's Liquefaction   Hex/Erth       14%        N/A       9%          4
D - Static Discharge      Conj/Air       29%        N/A       1%          2
F - Conjure Flame         Conj/Fire      29%        6-21      2%          3
I - Inner Flame           Hex/Fire       29%        N/A       2%          3
Z - Animate Skeleton      Necr           58%        N/A       1%          1
Your spell library was empty.

Dungeon Overview and Level Annotations

Branches:
Dungeon (7/15)             Temple (1/1) D:6

Altars:
Ashenzari
Cheibriados
Gozag
Hepliaklqana
Kikubaaqudgha
Makhleb
Nemelex Xobeh
Okawaru
Qazlal
Sif Muna
Trog
Vehumet
Wu Jian
Xom
Yredelemnul
Zin
The Shining One

Shops:
D:2 ?

Annotations:
D:7 Maggie


Innate Abilities, Weirdness & Mutations

You are immune to sickness and miasma.
You are immune to poison.
Your flesh is very heat resistant. (rF++)
You are vulnerable to cold. (rC-)
You float through the air rather than walking.
You learn spells naturally, not from books.
Your magical power is your life essence.
You have superior vitality. (+4 MHP)


Message History

Could not explore, unopened door.
You reach down and open the door.
There is an open door here.
An adder comes into view.
An adder is nearby!
An adder is nearby!
Nothing appears to happen.
The adder hisses angrily.
Flames lash the adder.
The adder's fire resistance burns away.
Flames lash the adder.
The adder is burned terribly!
You kill the adder!
You see here an adder corpse.
Could not explore, unopened door.
Could not explore, unopened door.
Could not explore, unopened door.
You reach down and open the door.
There is an open door here.
There is an open door here.
Found a whip.
There is an open door here.
There is an open door here.
There is an open door here.
There is an open door here.
There is an open door here.
A centaur skeleton comes into view.
A centaur skeleton is nearby!
The centaur skeleton closely misses you.
The centaur skeleton barely misses you.
Flames lash the centaur skeleton.
The centaur skeleton's fire resistance burns away.
The centaur skeleton hits you. The centaur skeleton kicks you.
Flames lash the centaur skeleton.
The centaur skeleton is burned terribly!
You destroy the centaur skeleton!
Nothing appears to happen.
Could not explore, unopened door.
You reach down and open the door.
There is an open door here.
There is an open door here.
Found a stone staircase leading up.
Could not explore, unopened door.
You reach down and open the door.
There is an open door here.
Found a hand axe.
Could not explore, unopened door.
You reach down and open the door.
There is an open door here.
Could not explore, unopened door.
Could not explore, unopened door.
You reach down and open the door.
There is an open door here.
Done exploring.
Done exploring.
Done exploring.
There is an open door here.
There is a burning altar of Makhleb here.
You hover solemnly before the altar of Makhleb.
Makhleb welcomes you!
Unknown command.
Press < or > to pray at altars.
There is an open door here.
There is a stone staircase leading up here.
You fly upwards.
There is a stone staircase leading down here.
You fly downwards.
There is a stone staircase leading up here.
You can't go down here!
There is a stone staircase leading down here.
You fly downwards.
Found a leather armour and a twisted wooden ring.
There is a stone staircase leading up here.
Found a stone staircase leading down.
s - a +4 ring of protection
t - a ring of resist corrosion A howler monkey skeleton comes into view.
A howler monkey skeleton is nearby!
A howler monkey skeleton is nearby!
A howler monkey skeleton is nearby!
Flames lash the howler monkey skeleton.
The howler monkey skeleton's fire resistance burns away.
The howler monkey skeleton hits you.
You conjure some foxfire!
The howler monkey skeleton misses you.
You conjure some foxfire!
The foxfire hits the howler monkey skeleton.
The howler monkey skeleton is burned terribly!
The foxfire hits the howler monkey skeleton.
The howler monkey skeleton hits you.
Flames lash the howler monkey skeleton.
The howler monkey skeleton is burned terribly!
You destroy the howler monkey skeleton!
Makhleb accepts your kill.
Found a stone staircase leading up.
Found a stone staircase leading up.
Found a ring mail.
Found 14 arrows.
You now have 140 gold pieces (gained 5).
Found a stone staircase leading down.
There is a stone staircase leading down here.
Maggie the Vainglorious comes into view.
She is wielding a +0 vorpal halberd.
Maggie is nearby!
Maggie is nearby!
Maggie shouts!
Maggie drinks a potion.
Maggie flickers and vanishes!
Deactivating autopickup; reactivate with Ctrl-A.
The ground around you becomes liquefied!
A centaur comes into view.
Found an encrusted iron wand.
The centaur wields a +0 shortbow.
The centaur shoots an arrow.
The arrow hits you.
The centaur shoots an arrow.
The arrow hits you! Something hits you!
The centaur shoots an arrow.
The arrow misses you.
You hear a splashing noise.
Something hits you!
* * * LOW HITPOINT WARNING * * *
x2 You hear some strange, mumbled words.
A bolt of fire appears from out of thin air!
The bolt of fire hits you. You resist.
* * * LOW HITPOINT WARNING * * *
You feel much better.
A wave of flame ripples out! (Press . to intensify the flame waves.)
* * * LOW HITPOINT WARNING * * *
You hear a shout! x2
The centaur shoots an arrow.
The arrow hits you!
* * * LOW HITPOINT WARNING * * *
Something hits you.
* * * LOW HITPOINT WARNING * * *
x2 The centaur shoots an arrow.
The arrow barely misses you.
A wave of flame ripples out!
The flame wave engulfs something.
The flame wave engulfs the centaur!
* * * LOW HITPOINT WARNING * * *
You hear a shout! x2
The centaur shoots an arrow.
The arrow closely misses you. Something hits you!
* * * LOW HITPOINT WARNING * * *
x2 A wave of flame ripples out!
The flame wave engulfs something.
The flame wave engulfs the centaur!
You kill the centaur!
Makhleb accepts your kill.
* * * LOW HITPOINT WARNING * * *
You finish channelling waves of flame.
You hear a shout! x4; You hear some strange, mumbled words.
An orc warrior and an orc wizard come into view.
Found a stone staircase leading down.
The orc warrior shouts!
The orc wizard shouts!
An orc comes into view. It is wielding a +0 short sword.
An orc priest comes into view. It is wielding a +0 club.
The orc wizard mumbles some strange words.
The orc wizard flickers and vanishes!
Something hits you!
You die...

..........# ......###
........#### ##.≈.o...#
.#.........###..o.....#
###...##...##...≈≈≈... #
#..#####.....o§.≈.# .#
##..### #..##....≈.#...
#.....###.####......>.#
##>....#..........#....
###........)####@.......
#............ #..#...#.
.............. ..## ....
.................. ##
..................
............/....##
.#^.......#......#
##.........#....##
##.........


You could see an orc warrior, an orc priest and an orc.

Vanquished Creatures
  Sigmund (D:3)
  A water moccasin (D:5)
  A black bear (D:4)
  3 ogres (D:4)
  A sky beast (D:3)
  2 necrophages
  A centaur (D:7)
  4 phantoms
  4 scorpions
  2 water moccasin zombies
  A water moccasin skeleton (D:6)
  6 electric eels (D:5)
  A howler monkey (D:5)
  A centaur zombie (D:5)
  A jelly (D:4)
  2 centaur skeletons
  A gnoll shaman (D:4)
  5 hounds
  An orc priest (D:3)
  Jessica (D:3)
  3 iguanas
  An orc wizard (D:6)
  14 gnolls
  4 adders
  A howler monkey skeleton (D:7)
  A shadow imp (D:5)
  2 white imps (D:6)
  An ufetubus (D:5)
  2 worms
  3 dart slugs
  8 orcs
  5 bats
  5 endoplasms
  4 giant cockroaches
  11 goblins
  10 hobgoblins
  4 jackals (D:5)
  7 quokkas
  7 ball pythons
  A frilled lizard (D:2)
  8 kobolds
  4 rats
146 creatures vanquished.

Vanquished Creatures (collateral kills)
  A foxfire (D:5)
1 creature vanquished.

Vanquished Creatures (others)
  128 foxfires
  7 plants
  4 toadstools (D:1)
139 creatures vanquished.

Grand Total: 286 creatures vanquished

Notes
Turn   | Place    | Note
-------+----------+-------------------------------------------
     0 | D:1      | CryoSword the Djinni Fire Elementalist began the quest for
                  | the Orb.
     0 | D:1      | Reached XP level 1. HP: 15/15 MP: 0/0
   226 | D:1      | Reached skill level 1 in Fighting
   226 | D:1      | Reached XP level 2. HP: 18/22 MP: 0/0
   454 | D:1      | Reached XP level 3. HP: 10/27 MP: 0/0
   454 | D:1      | Learned a level 1 spell: Animate Skeleton
   470 | D:1      | HP: 1/27 [giant cockroach (1)]
   478 | D:1      | HP: 1/27 [giant cockroach (1)]
  1684 | D:1      | Reached skill level 2 in Fighting
  2124 | D:2      | Found a faded altar of an unknown god.
  2162 | D:2      | Reached XP level 4. HP: 26/33 MP: 0/0
  3324 | D:2      | Found Sastreuv's Magic Scroll Shoppe.
  3341 | D:2      | Bought a scroll of identify for 28 gold pieces
  3341 | D:2      | Bought a scroll of noise for 14 gold pieces
  4124 | D:3      | Noticed a sky beast
  4127 | D:3      | Killed a sky beast
  4128 | D:3      | Reached skill level 3 in Fighting
  4128 | D:3      | Reached XP level 5. HP: 34/40 MP: 0/0
  4128 | D:3      | Learned a level 2 spell: Static Discharge
  4330 | D:3      | Reached XP level 6. HP: 33/46 MP: 0/0
  4337 | D:3      | Found a sparkling altar of Nemelex Xobeh.
  4638 | D:3      | Noticed Jessica
  4644 | D:3      | Killed Jessica
  4750 | D:3      | Noticed Sigmund
  4758 | D:3      | Killed Sigmund
  4759 | D:3      | Reached skill level 4 in Fighting
  4759 | D:3      | Reached skill level 1 in Short Blades
  4759 | D:3      | Reached XP level 7. HP: 26/53 MP: 0/0
  4759 | D:3      | Learned a level 3 spell: Vampiric Draining
  5673 | D:4      | Reached skill level 5 in Fighting
  5679 | D:4      | Reached XP level 8. HP: 25/59 MP: 0/0
  6103 | D:4      | Identified the +6 whip "Haprapp" {freeze, Fragile rN+
                  | Str+6}
  6282 | D:4      | Reached skill level 1 in Maces & Flails
  6282 | D:4      | Reached skill level 5 in Spellcasting
  6482 | D:4      | Found a basalt altar of Yredelemnul.
  6659 | D:5      | Entered Level 5 of the Dungeon
  7010 | D:2      | Bought a scroll of magic mapping for 49 gold pieces
  7010 | D:2      | Bought a scroll of amnesia for 49 gold pieces
  7575 | D:5      | Reached skill level 6 in Fighting
  7765 | D:5      | Reached XP level 9. HP: 60/66 MP: 0/0
  7765 | D:5      | Learned a level 4 spell: Leda's Liquefaction
  9783 | D:6      | Found a staircase to the Ecumenical Temple.
  9791 | Temple   | Entered the Ecumenical Temple
 10927 | D:6      | Found a hazy altar of Hepliaklqana.
 10927 | D:6      | Found a stormy altar of Qazlal.
 10933 | D:6      | Found an opulent altar of Gozag.
 10935 | D:6      | Found a snail-covered altar of Cheibriados.
 10937 | D:6      | Found a burning altar of Makhleb.
 11052 | D:6      | Reached skill level 7 in Fighting
 11101 | D:6      | Reached skill level 5 in Maces & Flails
 11658 | D:6      | Became a worshipper of Makhleb the Destroyer
 11872 | D:7      | Noticed Maggie
 11887 | D:7      | Mangled by Maggie

Illustrated notes

Levels and vault maps discovered:
D:1:      ldierk_walled_garden_2, layout_basic, minivault_23
D:2:      layout_basic, ebering_ecumenical_altar_rust, serial_shops,
          nicolae_shop_competitors_out_of_business, serial_bayou_crossing
D:3:      layout_basic, old_standard_altar, kennysheep_cross_room, uniq_jessica,
          uniq_sigmund
D:4:      layout_cave_pools, lemuel_coloured_pillars_altar
D:5:      cheibrodos_two_vegetables, layout_basic
D:6:      layout_gridville, lemuel_doored_altar,
          chequers_temple_overflow_minitemple, minmay_temple_entry_grid,
          minivault_27
D:7:      layout_cave_pools, amcnicky_altar_gilded, minitemple, serial_rivers,
          chequers_serial_rivers_large_b, chequers_serial_rivers_large_a,
          chequers_serial_rivers_micro_c, chequers_serial_rivers_micro_a,
          chequers_serial_rivers_marsh, chequers_serial_rivers_micro_a,
          minmay_misc_feat_enclosed, minmay_misc_feat_iff, uniq_maggie,
          uniq_pikel
Temple:   compressed_dpeg_triangle_lava_temple

Skill      XL: |  1  2  3  4  5  6  7  8  9 |
---------------+----------------------------+-----
Fighting       | 1 2 3 4 5 6 7 |  7.2
Spellcasting   | 3 4 5 6 |  6.1
Short Blades   | 1 2 3 |  3.1
Maces & Flails | 2 5 |  5.3
Dodging        | |  2.1
Stealth        | |  1.5

Action                   |  1- 3 |  4- 6 |  7- 9 || total
-------------------------+-------+-------+-------++-------
Melee: Unarmed           |     4 |       |       ||     4
       Spear             |    31 |    34 |       ||    65
       Trident           |       |     2 |       ||     2
       Rapier            |       |       |    13 ||    13
       Whip              |       |       |    11 ||    11
 Cast: Foxfire           |    18 |     2 |    52 ||    72
       Scorch            |    20 |    48 |   115 ||   183
       Vampiric Draining |       |       |    11 ||    11
       Inner Flame       |       |       |     4 ||     4
       Leda's Liquefacti |       |       |     1 ||     1
       Flame Wave        |       |       |     1 ||     1
  Use: Scroll            |       |     2 |     2 ||     4
       Potion            |       |       |     1 ||     1
 Stab: Sleeping          |     1 |     1 |       ||     2
       Distracted        |     1 |       |       ||     1
Armor: Robe              |     8 |     4 |    16 ||    28
Dodge: Dodged            |    23 |    29 |    67 ||   119
